AoeStats
← xXLucaComXx

Nomad

507103788Analyzed
4v4 RM · 16d ago on Sep 16, 2026· 44m 36s· 8 players
Game mode
Random Map
Map size
231×231
Population
200
Speed
Normal
Resources
Standard
Victory
Conquest
Starting age
Dark Age
Ending age
Imperial Age
RankedLock teamsTeams togetherTeam positionsShared explorationLock speedFull tech treeHidden civsTurbo modeCheats
Victory
Defeat
🇩🇪 Magyars · Germany
1117
+17
🇩🇪 Vikings · Germany
1098
+18
🇩🇪 Goths · Germany
1086
+18
🇩🇪 Tatars · Germany
1078
+19
🇬🇧 Romans · United Kingdom
1160
-20
🇬🇧 Saracens · United Kingdom
1145
-18
🇸🇪 Celts · Sweden
1121
-17
🇫🇷 Burgundians · France
1118
-17
Malouda
7:38 Loom
17:04 Feudal Age
16:37 Double-Bit Axe
16:35 Horse Collar
28:05 Castle Age
33:19 Heavy Plow
33:39 Bow Saw
35:20 Wheelbarrow
34:56 Scale Barding Armor
Comrade Toad
4:00 Loom
14:25 Feudal Age
17:52 Horse Collar
17:58 Double-Bit Axe
19:46 Wheelbarrow
25:26 Castle Age
23:56 Scale Mail Armor
24:19 Stone Mining
25:20 Gold Mining
27:49 Fletching
28:24 Scale Barding Armor
28:30 Forging
29:27 Fletching
30:36 Bodkin Arrow
35:40 Town Watch
39:52 Forging
41:44 Chain Barding Armor
42:21 Bloodlines
43:36 Heavy Plow
Fat Mike
4:49 Loom
14:29 Feudal Age
17:39 Fletching
21:44 Castle Age
22:56 Medium Warships
23:55 Double-Bit Axe
24:07 Bodkin Arrow
27:14 Fishing Lines
31:10 Wheelbarrow
36:31 Horse Collar
37:03 Bow Saw
40:28 Scale Barding Armor
40:34 Forging
andber
3:54 Loom
15:10 Feudal Age
22:25 Castle Age
20:54 Fletching
27:45 Double-Bit Axe
29:18 Bow Saw
30:35 Town Watch
32:14 Scale Mail Armor
35:44 Forging
35:49 Chain Mail Armor
37:13 Bodkin Arrow
38:58 Horse Collar
rickert.junge
14:57 Feudal Age
15:34 Double-Bit Axe
19:43 Castle Age
17:58 Loom
19:10 Scale Mail Armor
19:00 Horse Collar
24:44 Chain Mail Armor
24:40 Forging
34:38 Iron Casting
36:27 Bow Saw
36:25 Heavy Plow
Lankos
5:01 Loom
13:09 Feudal Age
17:57 Castle Age
17:03 Double-Bit Axe
19:32 Fletching
19:47 Scale Mail Armor
24:33 Chain Mail Armor
24:51 Gold Mining
32:13 Imperial Age
33:13 Imperial Age
31:46 Horse Collar
32:18 Bow Saw
32:52 Forging
32:46 Squires
34:41 Iron Casting
34:43 Conscription
36:23 Plate Mail Armor
36:53 Blast Furnace
38:00 Stone Mining
39:12 Chieftains
Magicarp5000
11:04 Loom
14:22 Feudal Age
16:28 Double-Bit Axe
22:14 Castle Age
22:04 Fletching
26:29 Padded Archer Armor
26:38 Gold Mining
27:52 Ballistics
27:30 Bodkin Arrow
29:44 Wheelbarrow
30:29 Horse Collar
32:37 Bow Saw
33:41 Gold Shaft Mining
35:43 Leather Archer Armor
35:34 Scale Barding Armor
35:49 Bloodlines
37:26 Hand Cart
38:32 Chain Barding Armor
38:16 Husbandry
45:36 Imperial Age
xXLucaComXx
8:34 Loom
15:39 Feudal Age
20:33 Castle Age
19:36 Scale Barding Armor
19:56 Double-Bit Axe
20:49 Bloodlines
25:03 Husbandry
30:27 Wheelbarrow
30:16 Gold Mining
32:13 Bow Saw
32:21 Horse Collar
34:21 Chain Barding Armor
35:55 Hand Cart
36:50 Town Watch
39:41 Gold Shaft Mining
41:24 Stone Mining
Connection lost

Rejoining the realm…

Still unreachable

The connection could not be restored.

Session expired

The server has moved on; the page needs a fresh start.